 Dungeon Crawl Stone Soup version 0.30.1-11-g7821555f0a (webtiles) character file.

Game seed: 8386096872429816898

834 MrIGI the Ruffian (level 7, 0/71 HPs)
             Began as a Troll Fighter on Dec 22, 2023.
             Succumbed to a gnoll sergeant's poison
             ... on level 5 of the Dungeon.
             The game lasted 00:08:47 (2421 turns).

MrIGI the Ruffian (Troll Fighter)                   Turns: 2421, Time: 00:08:48

Health: 0/71       AC: 11    Str: 27    XL:     7   Next: 66%
Magic:  6/6        EV:  9    Int:  4    God:
Gold:   325        SH:  0    Dex:  9    Spells: 6/6 levels left

rFire   . .          .
                       - Unarmed
rCold   + . .        (no shield)
rNeg    . . .        h - quicksilver dragon scales
rPois   .            (helmet restricted)
rElec   .            (no cloak)
rCorr   +            (gloves unavailable)
SInv    .            (boots unavailable)
Will    +....        (no amulet) Stlth
                     m - ring of Dijaotox {rC+ rCorr}
HPRegen 1.11/turn    (no ring)
MPRegen 0.10/turn

%: no passive effects
@: lethally poisoned (0 -> -15)
A: large, unfitting armour, claws 3, regeneration 1, shaggy fur 1, tough skin 1
a: no special abilities


You were on level 5 of the Dungeon.
You visited 1 branch of the dungeon, and saw 7 of its levels.
You also visited: Sewer.

You collected 325 gold pieces.

Inventory:

Armour
 a - a +0 robe
 b - a +0 kite shield
 e - a +0 troll leather armour {Pargi}
 h - quicksilver dragon scales (worn)
Jewellery
 m - the ring of Dijaotox (left claw) {rC+ rCorr}
   (You found it on level 2 of the Dungeon)

   [ring of resist corrosion]

   rC:        It protects you from cold.
   rCorr:     It protects you from acid and corrosion.
Scrolls
 f - a scroll of torment {unknown}
 l - 2 scrolls of blinking {unknown}
 o - 2 scrolls of teleportation
 p - a scroll of immolation {unknown}
Potions
 c - a potion of might
 d - 2 potions of brilliance
 g - a potion of ambrosia {unknown}
 i - a potion of heal wounds
 j - a potion of mutation {unknown}
 k - a potion of resistance {unknown}
 n - a potion of magic {unknown}
 q - a potion of haste
 r - a potion of degeneration {unknown}
 s - a potion of attraction {unknown}


   Skills:
 + Level 4.7 Fighting
 - Level 2.7 Dodging
 - Level 3.0 Shields
 * Level 7.1 Unarmed Combat


You had 6 spell levels left.
You didn't know any spells.
Your spell library contained the following spells:

 Spells                   Type           Power      Damage    Failure   Level
 Ensorcelled Hibernation  Hex/Ice        0%         N/A       78%         2
 Spider Form              Tmut/Pois      0%         N/A       95%         3
 Anguish                  Hex/Necr       0%         N/A       100%        4


Dungeon Overview and Level Annotations

Branches:
Dungeon (7/15)              Sewer (visited)
 Temple: D:4-7

Altars:
Kikubaaqudgha
Okawaru
Ru
Yredelemnul

Annotations:
D:2 1 runed translucent door, Crazy Yiuf


Innate Abilities, Weirdness & Mutations

You are too large for most types of armour.
You have claws for hands.
Your natural rate of healing is unusually fast.
You are covered in fur. (AC +1)
You have tough skin. (AC +1)


Message History

The gnoll sergeant is severely wounded.
You feel very sick.
You closely miss the gnoll sergeant.
The gnoll sergeant is severely wounded.
You feel very sick.
The gnoll sergeant hits you but does no damage.
The gnoll misses you.
You barely miss the gnoll sergeant.
The gnoll sergeant is severely wounded.
You feel very sick.
The gnoll sergeant hits you with a +1 spear of venom!
The gnoll hits you from afar with a +0 spear!
* * * LOW HITPOINT WARNING * * *
The gnoll barely misses you.
The gnoll sergeant attacks as you move away!
The gnoll sergeant hits you with a +1 spear of venom.
* * * LOW HITPOINT WARNING * * *
You are more poisoned.
* * * LOW HITPOINT WARNING * * *
You feel very sick.
The gnoll sergeant hits you but does no damage.
You are lethally poisoned!
As you read the scroll of teleportation, it crumbles to dust.
You feel strangely unstable.
* * * LOW HITPOINT WARNING * * *
You feel very sick. The gnoll sergeant barely misses you.
The gnoll barely misses you.
You feel much better.
You feel very sick.
The gnoll sergeant hits you from afar with a +1 spear of venom!
* * * LOW HITPOINT WARNING * * *
You are lethally poisoned!
The gnoll closely misses you.
* * * LOW HITPOINT WARNING * * *
You feel extremely sick.
* * * LOW HITPOINT WARNING * * *
You feel very sick.
Your surroundings suddenly seem different.
Found a basalt altar of Yredelemnul.
Found a stone staircase leading down.
You die...

#.#..## #.#...
#....# ###....
..... #
######.>.#.#.#
.........._..#
#@# #......#
#..###.# #..#
#..# #..# #..#
#..#


There were no monsters in sight!

Vanquished Creatures
  A water moccasin (D:6)
  Pargi (Sewer)
  A black bear (D:5)
  A sky beast (D:6)
  An ogre (D:5)
  A phantom (D:5)
  A scorpion (D:2)
  2 hounds (D:5)
  A jelly (D:6)
  2 iguanas (D:6)
  A gnoll (D:5)
  An adder (D:2)
  3 worms
  2 dart slugs
  An orc (D:3)
  An endoplasm (D:1)
  6 goblins
  7 hobgoblins
  6 jackals (D:1)
  3 quokkas
  9 ball pythons
  9 bats
  4 frilled lizards
  5 kobolds
  5 rats
75 creatures vanquished.

Notes
Turn   | Place    | Note
-------+----------+-------------------------------------------
     0 | D:1      | MrIGI the Troll Fighter began the quest for the Orb.
     0 | D:1      | Reached XP level 1. HP: 22/22 MP: 0/0
   177 | D:1      | Reached XP level 2. HP: 29/29 MP: 1/1
   390 | D:1      | Reached XP level 3. HP: 36/36 MP: 2/2
   929 | D:2      | Reached skill level 3 in Unarmed Combat
  1001 | D:2      | Noticed a scorpion
  1008 | D:2      | Killed a scorpion
  1009 | D:2      | Reached XP level 4. HP: 42/45 MP: 3/3
  1061 | D:2      | Found a runed translucent door.
  1062 | D:2      | Noticed Crazy Yiuf
  1116 | D:2      | Identified the ring of Dijaotox {rC+ rCorr}
  1362 | D:3      | Reached skill level 4 in Unarmed Combat
  1795 | D:3      | Found a sacrificial altar of Ru.
  1795 | D:3      | Found an ancient bone altar of Kikubaaqudgha.
  1800 | D:3      | Found an iron altar of Okawaru.
  1942 | D:4      | You fall into a shaft and drop 2 floors!
  1956 | D:6      | Noticed a sky beast
  1965 | D:6      | Reached XP level 5. HP: 53/53 MP: 4/4
  1991 | D:6      | Killed a sky beast
  2005 | D:6      | Found a glowing drain.
  2013 | D:6      | Noticed a water moccasin
  2027 | D:6      | HP: 1/53 [iguana (6)]
  2037 | D:6      | Killed a water moccasin
  2038 | D:6      | Reached skill level 5 in Unarmed Combat
  2038 | D:6      | Reached XP level 6. HP: 27/62 MP: 5/5
  2101 | Sewer    | Entered a sewer
  2131 | Sewer    | Noticed Pargi
  2141 | Sewer    | Killed Pargi
  2142 | Sewer    | Reached skill level 6 in Unarmed Combat
  2221 | D:5      | Entered Level 5 of the Dungeon
  2267 | D:5      | Reached XP level 7. HP: 69/70 MP: 6/6
  2338 | D:5      | Reached skill level 7 in Unarmed Combat
  2421 | D:5      | Found a basalt altar of Yredelemnul.
  2421 | D:5      | Succumbed to a gnoll sergeant's poison

Illustrated notes

Levels and vault maps discovered:
D:1:      dpeg_arrival_line_fractal, layout_basic
D:2:      layout_loops_ring, uniq_crazy_yiuf_cottage
D:3:      layout_loops_cross, minitemple
D:4:      layout_cave_pods, grunt_qazlal_clouds
D:5:      wander_river, layout_basic, lemuel_crystal_altar,
          nicolae_ashenzari_skybound, uniq_edmund
D:6:      layout_loops_cross, mainiacjoe_overflow_catwalk,
          cheibrodos_sewer_entry_sluice, minmay_quadrilaterals, uniq_maggie,
          uniq_menkaure
D:7:      layout_basic, minmay_temple_entry_trees, serial_shops, shop_coins

Skill      XL: |  1  2  3  4  5  6  7 |
---------------+----------------------+-----
Shields        | 3 |  3.0
Unarmed Combat | 3 4 5 6 7 |  7.1
Fighting       | 3 4 |  4.7
Dodging        | |  2.7

Action                     |  1- 3 |  4- 6 |  7- 9 || total
---------------------------+-------+-------+-------++-------
  Melee: Unarmed           |   105 |    97 |    27 ||   229
         Punch             |     1 |     1 |     3 ||     5
    Use: Potion            |       |     2 |     1 ||     3
         Scroll            |       |     2 |     1 ||     3
 Armour: Robe              |    12 |       |       ||    12
         Quicksilver drago |    23 |    50 |     8 ||    81
  Dodge: Dodged            |    29 |    35 |    14 ||    78
  Block: Kite shield       |    22 |       |       ||    22
